 Dungeon Crawl Stone Soup version 0.16-a0-465-g631e55c (console) character file.

82 Kellhus the Chopper (level 4, -2/35 HPs)
             Began as a Mummy Fighter on Sept 16, 2014.
             Slain by an orc priest
             ... wielding a +2 flail of draining
              (7 damage)
             ... on Level 3 of the Dungeon.
             The game lasted 00:01:56 (1339 turns).

Kellhus the Chopper (Mummy Fighter)                 Turns: 1339, Time: 00:01:57

HP  -2/35        AC  7     Str 19      XL: 4   Next: 21%
MP   4/4         EV  6     Int  7      God:
Gold 115         SH  8     Dex 12      Spells:  0 memorised,  3 levels left

rFire  x . .     SeeInvis .     a - +0 war axe
rCold  + . .     Clarity  .     b - +0 scale mail
rNeg   + + +     rCorr    .     c - +0 shield
rPois  +         rRot     +     (no helmet)
rElec  .         Spirit   .     (no cloak)
SustAb .         Warding  .     (no gloves)
rMut   .         Stasis   .     i - +0 pair of boots
Gourm  .                        (no amulet)
MR     .....                    (no ring)
                                (no ring)

@: not resistant to hostile enchantments, extremely unstealthy
A: no food or potions, fire vulnerability, restore body, cold resistance 1,
negative energy resistance 3, poison resistance, torment resistance, unbreathing
a: no special abilities


You were on level 3 of the Dungeon.
You were not hungry.

You visited 1 branch of the dungeon, and saw 3 of its levels.

You collected 115 gold pieces.

Inventory:

Hand weapons
 a - a +0 war axe (weapon)
Armour
 b - a +0 scale mail (worn)
 c - a +0 shield (worn)
 i - a +0 pair of boots (worn)
Magical devices
 g - a wand of digging (19) {unknown}
 h - a wand of flame (16) {unknown}
Scrolls
 d - 2 scrolls of teleportation {unknown}
 e - a scroll of magic mapping {unknown}
 f - 3 scrolls of random uselessness {unknown}
 j - a scroll of identify {unknown}
 k - a scroll of recharging {unknown}


   Skills:
 - Level 3.0 Fighting
 + Level 3.7 Axes
 - Level 2.4 Armour
 - Level 2.4 Shields


You had 3 spell levels left.
You didn't know any spells.

Dungeon Overview and Level Annotations

Branches:
Dungeon (3/15)

Altars:


Innate Abilities, Weirdness & Mutations

You do not eat or drink.
Your flesh is vulnerable to fire.
Your flesh is cold resistant.
You are immune to negative energy.
Your system is resistant to poisons.
You are immune to unholy pain and torment.
You can survive without breathing.


Message History

The orc priest is moderately wounded.
You closely miss the kobold. You closely miss the orc.
The kobold barely misses you. The orc priest barely misses you.
The orc hits you with a flail. You block the kobold's attack.
The orc priest hits you with a glowing flail.
* * * LOW HITPOINT WARNING * * *
Unknown command.
You are too injured to fight recklessly!
Unknown command.
You are too injured to fight recklessly!
You are too injured to fight recklessly!
Unknown command.
You are too injured to fight recklessly!
Your shield and scale mail prevent you from hitting the orc.
You closely miss the kobold. You closely miss the orc priest.
The orc priest is moderately wounded.
The orc closely misses you. The kobold hits you with a dagger.
* * * LOW HITPOINT WARNING * * *
The orc priest hits you with a glowing flail!
You die...

######## #.......#
##.......#
..........#
#........########
#........?......
#......oKo.......
#....(..@).......
#...(............
#..(............
#####...............
+...'...............
#####..%....####...
#####'### .. #..#
##.##


You could see an orc priest, an orc and a kobold.

Vanquished Creatures
  2 adders (D:2)
  2 worms (D:2)
  A giant gecko (D:1)
  3 orcs (D:3)
  A ball python (D:2)
  8 bats
  A giant cockroach (D:2)
  4 hobgoblins (D:1)
  7 jackals
  5 giant newts
  3 goblins (D:1)
  7 kobolds
  10 rats
54 creatures vanquished.

Notes
Turn   | Place    | Note
--------------------------------------------------------------
     0 | D:1      | Kellhus, the Mummy Fighter, began the quest for the Orb.
     0 | D:1      | Reached XP level 1. HP: 18/18 MP: 1/1
     3 | D:1      | Noticed an electric eel
     3 | D:1      | Noticed an electric eel
   172 | D:1      | Reached XP level 2. HP: 22/24 MP: 2/2
   862 | D:2      | Reached XP level 3. HP: 29/29 MP: 3/3
  1102 | D:2      | Reached XP level 4. HP: 33/35 MP: 4/4
  1339 | D:3      | Slain by an orc priest

Action                   |  1- 3 |  4- 6 || total
-------------------------+-------+-------++-------
Melee: War axe           |   112 |    31 ||   143
